 Dungeon Crawl Stone Soup version 0.21.1-1-g345015fe64 (webtiles) character file.

56 Ivernyr the Charmwright (level 3, -4/28 HPs)
             Began as a Demonspawn Skald on Apr 26, 2018.
             Was an Initiate of Nemelex Xobeh.
             Slain by a gnoll
             ... wielding a +0 spear
              (6 damage)
             ... on level 2 of the Dungeon.
             The game lasted 00:03:30 (1187 turns).

Ivernyr the Charmwright (Demonspawn Skald)          Turns: 1187, Time: 00:03:30

Health: -4/28      AC:  4    Str: 11    XL:     3   Next: 71%
Magic:  15/15      EV: 12    Int: 14    God:    Nemelex Xobeh [......]
Gold:   131        SH:  0    Dex: 13    Spells: 1/6 levels left

rFire    + . .     SeeInvis .   a - +0 falchion
rCold    x . .     Gourm    .   (no shield)
rNeg     . . .     Faith    .   b - +0 leather armour
rPois    .         Spirit   .   (no helmet)
rElec    .         Reflect  .   (no cloak)
rCorr    .         Harm     .   (no gloves)
MR       .....                  (no boots)
Stlth    +.........             (no amulet)
HPRegen  0.09/turn              f - ring of magical power
MPRegen  0.14/turn              k - ring of fire

@: no status effects
A: rugged brown scales 1
a: Renounce Religion


You were on level 2 of the Dungeon.
You worshipped Nemelex Xobeh.
Nemelex Xobeh was noncommittal.
You were hungry.

You visited 1 branch of the dungeon, and saw 2 of its levels.

You collected 131 gold pieces.

Inventory:

Hand Weapons
 a - a +0 falchion (weapon)
Armour
 b - a +0 leather armour (worn)
Jewellery
 f - a ring of magical power (left hand)
 k - a ring of fire (right hand)
 p - an uncursed ring of magical power
Scrolls
 e - 2 scrolls of fog {unknown}
 g - 5 scrolls of identify {unknown}
 i - 2 scrolls of remove curse {unknown}
 l - a scroll of enchant weapon {unknown}
Potions
 h - a potion of agility {unknown}
 j - a potion of flight {unknown}
 m - a potion of haste {unknown}
 n - a potion of curing {unknown}
Books
 c - a book of Battle

   Spells                             Type                      Level
   a - Infusion                       Charms                       1
   b - Shroud of Golubria             Charms/Translocation         2
   c - Song of Slaying                Charms                       2
   d - Spectral Weapon                Hexes/Charms                 3
   e - Regeneration                   Charms/Necromancy            3
Comestibles
 d - 2 rations


   Skills:
 + Level 2.5 Fighting
 - Level 2.1 Long Blades
 * Level 2.1 Armour
 - Level 1.7 Dodging
 - Level 2.0 Spellcasting
 + Level 3.1 Charms
 + Level 1.0 Invocations


You had one spell level left.
You knew the following spells:

 Your Spells              Type           Power        Failure   Level  Hunger
a - Shroud of Golubria    Chrm/Tloc      #.........   26%         2    ###....
b - Song of Slaying       Chrm           ##......     13%         2    ###....
c - Infusion              Chrm           ##..         9%          1    ##.....


Dungeon Overview and Level Annotations

Branches:
Dungeon (2/15)

Altars:
Gozag
Nemelex Xobeh


Innate Abilities, Weirdness & Mutations

You are partially covered in rugged brown scales. (AC +1, +3% HP)


Message History

The gnoll closely misses you.
You draw a card...
It is Vitriol.
The deck of cards disappears without a trace.
You have drawn Vitriol.
Press: ? - help, Shift-Dir - straight line, f - gnoll
Aim: a gnoll, wielding a spear The glob of acid hits the gnoll.
The gnoll is splashed with acid.
The gnoll is almost dead.
The gnoll hits you but does no damage. The gnoll hits you with a spear.
* * * LOW HITPOINT WARNING * * *
You closely miss the gnoll.
The gnoll is almost dead.
The gnoll hits you with a spear.
* * * LOW HITPOINT WARNING * * *
You hit the gnoll but do no damage.
The gnoll is almost dead.
The gnoll hits you with a spear.
You die...
Your body disappears without a glow.

#.......# #...# #.....##
#.....#.# #...# #..#..##
#.....#.# #...# #..#..##
#.#.....# #>..##### #..#..##
#.......### #...#...####.......
#.#.......#####........##.......#
#.......................#..##...#
...........................##....
#.#.....#.......@g.<....#.##....#
#.#....##.###.#####....##.##.#..#
#.........# #.# #.).###.##.##.#
###.......# #.# #.### #.......#
######.#### #.# #.# ####.####
...# #.# #.#####.########.# #..#
#.# #.............##. ⌠.⌠###.#
#####.#.#####.# ._.....# #.#.#


You could see a gnoll.

Vanquished Creatures
  2 gnolls (D:2)
  An adder (D:2)
  An ooze (D:1)
  A ball python (D:2)
  A giant cockroach (D:2)
  A goblin (D:1)
  A hobgoblin (D:1)
  2 frilled lizards (D:1)
  4 kobolds
  2 rats
16 creatures vanquished.

Vanquished Creatures (others)
  A gnoll (D:2)
1 creature vanquished.

Grand Total: 17 creatures vanquished

Notes
Turn   | Place    | Note
-------+----------+-------------------------------------------
     0 | D:1      | Ivernyr the Demonspawn Skald began the quest for the Orb.
     0 | D:1      | Reached XP level 1. HP: 16/16 MP: 3/3
    59 | D:1      | Reached skill level 1 in Armour
   424 | D:1      | Gained mutation: You are partially covered in rugged brown scales. (AC +1, +3% HP) [demonic ancestry]
   424 | D:1      | Reached XP level 2. HP: 16/22 MP: 5/5
   508 | D:1      | Learned a level 2 spell: Song of Slaying
   511 | D:1      | Learned a level 2 spell: Shroud of Golubria
   968 | D:2      | Found a sparkling altar of Nemelex Xobeh.
   986 | D:2      | Became a worshipper of Nemelex Xobeh the Trickster
  1029 | D:2      | Found an opulent altar of Gozag.
  1085 | D:2      | Received a gift from Nemelex Xobeh
  1141 | D:2      | Reached skill level 3 in Charms
  1141 | D:2      | Reached XP level 3. HP: 18/28 MP: 6/6
  1151 | D:2      | Reached skill level 1 in Invocations
  1187 | D:2      | Slain by a gnoll

Skill      XL: |  1  2  3 |
---------------+----------+-----
Armour         | 1 2 |  2.1
Long Blades    | 2 |  2.1
Charms         | 3 |  3.1
Invocations    | 1 |  1.0
Fighting       | |  2.5
Dodging        | |  1.7
Spellcasting   | |  2.0

Action                   || total
-------------------------++-------
Melee: Falchion          ||    57
 Cast: Shroud of Golubri ||     2
Evoke: Deck              ||     7
 Stab: Confused          ||     1
Armor: Leather armour    ||    15
Dodge: Dodged            ||    33
       Rpst.: Falchion   ||     4
